Map: Backwater LE

Players

Neeb - Winner!

  • Race: Protoss Protoss
  • Spawn Location: 5:00

Lambo

  • Race: Zerg Zerg
  • Spawn Location: 11:00

Event: WCS Leipzig 2018

VOD

Have the link to the VOD?

Description

Time

  • Played on: Jan. 26, 2018, 1:38 p.m.
  • Length: 14:18

All games in this series

Show
View Real Time Build Order
Export as new Build Order

Neeb Protoss - Winner!

Build Orders: 1 Gate Expand, Oracle Opening, Phoenix Opening 

Get SALT Encoding   

  12  0:00  Probe  
  13  0:12  Probe  
  14  0:19  Pylon  
  14  0:24  Probe  
  15  0:37  Probe (Chrono Boost)  
  15  0:41  Gateway  
  16  0:46  Probe (Chrono Boost)  
  16  0:48  Assimilator  
  17  0:51  Probe  
  18  1:03  Probe  
  19  1:15  Probe  
  20  1:25  Nexus  
  20  1:36  Cybernetics Core  
  20  1:38  Probe  
  21  1:44  Assimilator  
  21  1:50  Probe  
  21  1:54  Pylon  
  22  2:02  Probe (Chrono Boost)  
  23  2:10  Adept (Chrono Boost)  
  23  2:14  Probe (Chrono Boost)  
  26  2:18  Probe (Chrono Boost)  
  27  2:25  Stargate  
  27  2:29  Adept  
  28  2:30  Probe (Chrono Boost)  
  30  2:37  Probe (Chrono Boost), Warp Gate  
  32  2:46  Probe (Chrono Boost)  
  32  2:47  Probe (Chrono Boost)  
  33  2:52  Probe (Chrono Boost)  
  33  2:53  Probe  
  33  2:56  Adept  
  37  3:03  Pylon  
  37  3:04  Probe  
  37  3:05  Probe  
  39  3:07  Oracle (Chrono Boost)  
  42  3:16  Probe  
  43  3:20  Probe  
  44  3:28  Probe  
  44  3:32  Probe, Gateway  
  46  3:36  Pylon  
  46  3:37  Phoenix (Chrono Boost)  
  46  3:40  Probe  
  49  3:44  Probe  
  50  3:52  Probe  
  50  3:53  Phoenix (Chrono Boost)  
  53  3:56  Probe  
  54  4:04  Probe  
  54  4:08  Probe  
  54  4:09  Nexus  
  56  4:12  Pylon  
  56  4:16  Probe, Phoenix (Chrono Boost)  
  57  4:20  Probe  
  60  4:26  Assimilator  
  60  4:28  Probe  
  60  4:30  Assimilator  
  61  4:32  Probe  
  61  4:34  Phoenix (Chrono Boost)  
  64  4:41  Probe, Pylon, Forge  
  64  4:44  Probe, Pylon  
  66  4:53  Probe  
  66  4:56  Probe, Phoenix (Chrono Boost)  
  66  4:59  Robotics Facility  
  70  5:05  Probe  
  71  5:09  Probe  
  71  5:10  Assimilator  
  71  5:13  Assimilator, Protoss Ground Weapons Level 1 (Chrono Boost)  
  72  5:14  Phoenix  
  72  5:17  Probe  
  72  5:21  Probe  
  76  5:22  Probe  
  77  5:29  Probe, Stalker  
  77  5:31  Shield Battery, Stalker  
  77  5:35  Shield Battery  
  82  5:39  Phoenix (Chrono Boost)  
  82  5:40  Probe  
  82  5:41  Probe  
  86  5:45  Probe  
  87  5:52  Probe  
  87  5:54  Robotics Bay  
  87  5:56  Probe, Robotics Facility  
  89  5:57  Probe  
  89  6:03  Pylon  
  90  6:04  Probe  
  90  6:07  Phoenix (Chrono Boost)  
  90  6:08  Probe  
  90  6:09  Probe  
  95  6:13  Immortal (Chrono Boost)  
  95  6:15  Pylon  
  99  6:21  Pylon  
  99  6:23  Twilight Council  
  93  6:36  Probe  
  93  6:37  Probe  
  87  6:41  Stalker x2  
  87  6:42  Colossus (Chrono Boost)  
  87  6:45  Probe  
  97  6:49  Probe x2  
  96  6:57  Probe  
  96  7:00  Colossus (Chrono Boost)  
  96  7:01  Probe x2, Protoss Ground Weapons Level 2  
  99  7:08  Stalker  
  101  7:09  Probe  
  101  7:11  Shield Battery  
  101  7:13  Probe x2  
  104  7:22  Stalker  
  108  7:32  Colossus (Chrono Boost)  
  108  7:33  Nexus  
  106  7:42  Extended Thermal Lance  
  106  7:55  Pylon  
  106  7:58  Pylon  
  106  8:00  Pylon  
  110  8:09  Probe  
  110  8:13  Probe  
  110  8:15  Charge  
  110  8:16  Colossus (Chrono Boost)  
  111  8:23  Colossus (Chrono Boost)  
  111  8:26  Pylon  
  117  8:28  Pylon  
  117  8:32  Sentry  
  116  8:53  Gateway  
  122  8:55  Gateway  
  122  8:58  Gateway  
  122  8:59  Colossus (Chrono Boost)  
  126  9:03  Colossus (Chrono Boost)  
  120  9:18  Stalker  
  120  9:19  Protoss Ground Weapons Level 3 (Chrono Boost)  
  120  9:20  Pylon  
  120  9:21  Pylon  
  114  9:38  Colossus  
  114  9:45  Colossus  
  120  9:49  Sentry  
  120  9:52  Nexus  
  128  9:54  Pylon  
  122  10:00  Probe x2  
  121  10:12  Stalker  
  119  10:19  Gateway  
  113  10:22  Gateway  
  113  10:24  Stalker x2  
  113  10:25  Stalker, Gateway  
  113  10:28  Colossus  
  125  10:38  Colossus  
  131  10:47  Stalker  
  131  10:49  Shield Battery x2  
  133  10:50  Stalker x3  
  137  10:57  Blink (Chrono Boost)  
  129  11:19  Stalker x7  
  135  11:33  Probe  
  135  11:34  Probe x2  
  135  11:36  Assimilator  
  135  11:37  Assimilator  
  124  11:48  Stalker x5  
  130  11:57  Stalker x2  
  130  12:01  Probe x3  
  120  12:04  Probe  
  120  12:11  Stalker x4  
  120  12:13  Probe  
  119  12:19  Stalker  
  121  12:27  Stalker x2  
  125  12:36  Stalker x4  
  133  12:40  Probe x2  
  133  12:43  Stalker  
  121  12:47  Probe  
  112  12:58  Stalker x2  
  112  13:01  Stalker  
  112  13:02  Stalker  
  116  13:15  Colossus  
  116  13:17  Colossus  
  124  13:44  Stalker x4  
  130  13:49  Stalker x3  
  130  13:51  Probe  
  130  13:52  Probe x2  
  130  13:55  Probe  
  138  14:09  Stalker x4  
Show
View Real Time Build Order
Export as new Build Order

Lambo Zerg 

Build Orders: Hatch First, Swarm Host 

Get SALT Encoding   

  12  0:01  Drone  
  13  0:15  Overlord  
  13  0:16  Drone  
  14  0:33  Drone x2  
  16  0:49  Hatchery  
  15  0:52  Drone  
  15  0:56  Drone  
  17  1:01  Drone  
  18  1:12  Drone, Extractor  
  18  1:18  Spawning Pool  
  17  1:20  Drone  
  18  1:30  Drone  
  19  1:43  Drone  
  20  1:53  Overlord  
  20  2:04  Queen x2  
  20  2:05  Zergling x2  
  20  2:06  Drone  
  26  2:13  Drone  
  27  2:18  Drone  
  28  2:23  Drone  
  28  2:26  Drone  
  30  2:33  Overlord  
  30  2:36  Drone  
  31  2:40  Queen  
  31  2:42  Queen  
  36  2:44  Drone  
  36  2:48  Overlord  
  36  2:56  Drone  
  36  2:58  Drone  
  38  3:06  Zergling x2  
  38  3:08  Zergling x2  
  38  3:12  Zergling x2  
  41  3:13  Drone x3  
  41  3:17  Drone  
  45  3:20  Lair  
  45  3:21  Drone x2  
  45  3:24  Overlord  
  47  3:30  Overlord  
  47  3:31  Drone  
  48  3:42  Extractor, Overlord  
  48  3:43  Drone  
  48  3:44  Extractor  
  47  3:50  Drone  
  47  3:51  Drone x2  
  47  3:52  Drone x3, Extractor  
  52  3:57  Drone  
  53  4:03  Drone  
  53  4:07  Drone x2  
  56  4:10  Spore Crawler  
  55  4:19  Drone x2, Spore Crawler  
  55  4:20  Drone x2  
  55  4:21  Infestation Pit  
  55  4:23  Drone x3  
  60  4:25  Roach Warren  
  60  4:30  Overlord  
  59  4:34  Overlord  
  59  4:39  Nydus Network  
  59  4:44  Overlord  
  58  5:01  Swarm Host x6  
  58  5:03  Swarm Host  
  79  5:08  Overlord  
  79  5:12  Queen  
  81  5:16  Drone x2  
  81  5:18  Nydus Canal  
  82  5:26  Overlord  
  82  5:38  Queen  
  81  5:44  Swarm Host x4  
  81  5:49  Spore Crawler x2  
  87  5:50  Spore Crawler  
  87  5:56  Queen  
  86  6:01  Drone  
  86  6:02  Drone x2  
  86  6:03  Swarm Host  
  90  6:14  Drone  
  91  6:22  Overlord  
  91  6:25  Spore Crawler  
  90  6:28  Overlord  
  90  6:32  Swarm Host x2, Overlord  
  88  6:39  Queen x2  
  94  6:48  Swarm Host x3  
  94  6:51  Swarm Host  
  104  6:58  Swarm Host x2  
  110  7:05  Spore Crawler  
  110  7:06  Spore Crawler  
  108  7:11  Swarm Host  
  108  7:12  Swarm Host  
  114  7:41  Overlord x2  
  114  7:42  Overlord x2  
  112  7:59  Swarm Host x6  
  128  8:07  Swarm Host  
  131  8:14  Queen x2  
  131  8:16  Swarm Host  
  138  8:20  Overlord  
  138  8:27  Swarm Host  
  138  8:33  Overlord  
  141  8:39  Nydus Canal, Drone x3  
  141  8:40  Drone  
  145  8:42  Drone  
  146  8:57  Swarm Host x2  
  149  9:05  Swarm Host  
  152  9:12  Swarm Host  
  155  9:18  Swarm Host  
  158  9:26  Swarm Host, Spore Crawler x2  
  158  9:27  Spore Crawler, Swarm Host  
  159  9:37  Spore Crawler  
  159  9:38  Swarm Host  
  159  9:39  Queen  
  159  9:41  Queen  
  160  9:45  Spore Crawler  
  159  9:54  Swarm Host  
  162  10:04  Swarm Host  
  162  10:10  Swarm Host  
  156  10:15  Queen  
  156  10:17  Swarm Host x2, Queen  
  163  10:34  Overlord  
  163  10:46  Spire  
  162  10:52  Hatchery, Queen  
  162  10:57  Swarm Host x2  
  169  11:08  Swarm Host  
  172  11:29  Overlord  
  172  11:31  Queen  
  171  11:36  Overlord x2  
  171  11:37  Queen  
  171  11:39  Spore Crawler  
  165  11:45  Spore Crawler  
  165  11:46  Nydus Canal  
  150  11:56  Swarm Host x2  
  150  12:01  Nydus Canal  
  156  12:07  Swarm Host x2  
  159  12:19  Corruptor  
  155  12:29  Swarm Host x2  
  153  12:37  Swarm Host x2  
  153  12:43  Swarm Host  
  159  12:47  Swarm Host  
  164  12:55  Swarm Host  
  157  13:05  Nydus Canal  
  157  13:08  Corruptor  
  139  13:22  Drone x4  
  139  13:24  Drone  
  141  13:47  Swarm Host  
  135  13:58  Drone x6  
  135  13:59  Drone  
Tags
 
Add a new tag
Caveats
  • Supply blocks, unpowered buildings, or Contaminate may cause inaccurate times.
  • Supply counts are checked every 10 seconds.